 Dungeon Crawl Stone Soup version 0.18.1-50-g88ac8fd (webtiles) character file.

93 Dioneo the Sneak (level 4, -2/26 HPs)
             Began as a Kobold Assassin on Oct 25, 2016.
             Killed from afar by an orc wizard (10 damage)
             ... with a puff of flame
             ... on level 3 of the Dungeon.
             The game lasted 00:08:31 (2727 turns).

Dioneo the Sneak (Kobold Assassin)                  Turns: 2727, Time: 00:08:32

Health: -2/26      AC:  3    Str:  9    XL:     4   Next: 92%
Magic:  4/4        EV: 14    Int:  9    God:
Gold:   77         SH:  0    Dex: 18    Spells: 0 memorised, 3 levels left

rFire  . . .     SeeInvis .     a - +2 dagger
rCold  . . .     Gourm    .     c - +0 robe
rNeg   . . .     Faith    .     (shield restricted)
rPois  .         Spirit   .     (no helmet)
rElec  .         Dismiss  .     d - +0 cloak
rCorr  .         Reflect  .     (no gloves)
SustAt .         Harm     .     (no boots)
MR     .....                    (no amulet)
Stlth  ++++......               (no ring)
                                (no ring)

@: not resistant to hostile enchantments, stealthy
A: carnivore 3
a: no special abilities


You were on level 3 of the Dungeon.
You were very full.

You visited 1 branch of the dungeon, and saw 3 of its levels.

You collected 77 gold pieces.

Inventory:

Hand Weapons
 a - a +2 dagger (weapon)
 b - a +0 blowgun
 p - a +0 rapier
Missiles
 e - 18 poisoned needles
 f - 2 curare-tipped needles
Armour
 c - a +0 robe (worn)
 d - a +0 cloak (worn)
Jewellery
 h - an uncursed ring of fire
Scrolls
 j - a scroll of enchant weapon {unknown}
 k - a scroll of recharging {unknown}
 o - a scroll of remove curse
 q - a scroll of enchant armour {unknown}
 x - a scroll of teleportation {unknown}
Potions
 l - a potion of brilliance
 m - a potion of heal wounds
 n - a potion of cure mutation {unknown}
 r - a potion of curing {unknown}
 t - a potion of invisibility {unknown}
 v - a potion of agility {unknown}
 w - a potion of might {unknown}
Books
 s - a book of Frost

   Spells                             Type                      Level
   a - Freeze                         Ice                          1
   b - Throw Frost                    Conjuration/Ice              2
   c - Ozocubu's Armour               Charms/Ice                   3
   d - Throw Icicle                   Conjuration/Ice              4
   e - Summon Ice Beast               Ice/Summoning                4
Comestibles
 g - 2 meat rations
 i - a slice of pizza
 u - 5 chunks of flesh


   Skills:
 - Level 2.1 Fighting
 * Level 4.8 Short Blades
 + Level 3.1 Throwing
 - Level 1.2 Dodging
 + Level 6.1 Stealth


You had 3 spell levels left.
You didn't know any spells.

Dungeon Overview and Level Annotations

Branches:
Dungeon (3/15)

Altars:
Ashenzari
Trog


Innate Abilities, Weirdness & Mutations

You are small and have problems with some larger weapons.
You are carnivorous and can eat meat at any time.


Message History

Press: ? - help, Shift-Dir - straight line, f/p - orc wizard
Aim: an orc wizard, wielding a dagger and wearing a robe (heavily wounded, fast, poisoned)
You shoot a poisoned needle.
The poisoned needle hits the orc wizard!
The orc wizard looks even sicker.
The orc wizard is heavily wounded.
The orc wizard barely misses you. The orc wizard hits you with a dagger.
* * * LOW HITPOINT WARNING * * *
Wield which item (- for none, * to show all)? (? for menu, Esc to quit)
a - a +2 dagger (weapon)
The orc wizard hits you but does no damage.
You hit the orc wizard.
The orc wizard is almost dead.
The orc wizard hits you but does no damage.
You hit the orc wizard.
The orc wizard is almost dead.
The orc wizard casts a spell at you. The puff of flame hits you!
You die...

###.##.# #......#
###.#.#..#
#........#
#.#(#.#.## .#
#.#.....# ..#
#.###.### ..# # #.#
#.#
..#.#########@###.#
###.....
.......o.>..#
....#.#
#######.#####
....)%# #(# ...##
##.##
#...###########...#
#..(..()..(.....#.#
#.(.###########...#
##### #####


You could see an orc wizard.

Vanquished Creatures
  3 adders (D:2)
  3 worms
  A dart slug (D:1)
  3 giant geckos
  An orc (D:3)
  3 giant cockroaches
  7 hobgoblins
  6 jackals (D:1)
  2 kobolds
  A quokka (D:3)
  6 bats
  A giant newt (D:2)
  6 goblins
  6 rats
49 creatures vanquished.

Notes
Turn   | Place    | Note
--------------------------------------------------------------
     0 | D:1      | Dioneo the Kobold Assassin began the quest for the Orb.
     0 | D:1      | Reached XP level 1. HP: 12/12 MP: 1/1
   299 | D:1      | Reached XP level 2. HP: 12/17 MP: 2/2
   859 | D:1      | Reached XP level 3. HP: 13/21 MP: 3/3
  1628 | D:2      | Reached XP level 4. HP: 25/26 MP: 4/4
  2152 | D:2      | Reached skill level 6 in Stealth
  2588 | D:3      | Found a bloodstained altar of Trog.
  2665 | D:3      | Found a shattered altar of Ashenzari.
  2727 | D:3      | Killed from afar by an orc wizard

Skill      XL: |  1  2  3  4 |
---------------+-------------+-----
Short Blades   | 3 4 |  4.8
Stealth        | 6 |  6.1
Throwing       | 3 |  3.1
Fighting       | |  2.1
Dodging        | |  1.2

Action                   |  1- 3 |  4- 6 || total
-------------------------+-------+-------++-------
Melee: Dagger            |    90 |    47 ||   137
 Fire: Blowgun           |     8 |    29 ||    37
  Use: Scroll            |       |     4 ||     4
 Stab: Sleeping          |     8 |     6 ||    14
       Distracted        |       |     1 ||     1
  Eat: Chunk             |    10 |     3 ||    13
Armor: Robe              |    13 |    12 ||    25
Dodge: Dodged            |    53 |    34 ||    87
